[Event "Marshall Chess Club IM 2020"]
[Site "New York"]
[Date "2020.03.01"]
[Round "7"]
[White "Fikiet, Alex"]
[Black "Sarkar, Justin"]
[Result "1/2-1/2"]
[ECO "A40"]
[WhiteElo "2217"]
[BlackElo "2373"]
[Annotator "RC"]
[PlyCount "65"]
[EventDate "2020.02.27"]
[EventType "tourn"]
[EventCountry "USA"]
[SourceTitle "playchess.com"]
[Source "ChessBase"]
[SourceQuality "1"]
[TimeControl "5400+30"]

1. d4 g6 2. c4 Bg7 3. Nc3 c5 4. d5 Bxc3+ 5. bxc3 f5 6. e4 fxe4 7. f3 e5 8. Qc2 Nf6 9. fxe4 d6 10. Bd3 O-O 11. Nf3 Kg7 12. O-O h6 13.
Qd2 Ng8 14. Qf2 Nd7 15. g4 Ndf6 16. h3 h5 17. g5 Ne8 18.
Qg3 Qe7 19. Bd2 Bd7 20. Rf2 Nc7 21. Raf1 Rf7 22. Nh4 Rxf2 23. Rxf2 Rf8 24. Nf5+ gxf5 25. exf5 Bxf5 26. Rxf5 Rxf5 27. Bxf5 Qf7 28. Be4 Ne8 29. Qe3 Ne7 30. Bd3 Nf5 31. Qf3 Kg6 32. Bc2 Neg7 33. Qf1 1/2-1/2